ORI
UNIVERSITY OF SOUTHERN CALIFORNIA TROJANS @ LOUISIANA STATE UNIVERSITY TIGERS
11/18/2048
 
TOP OF THE 1ST
Louisiana State University Tigers batting - Pitching for University of Alabama Crimson Tide : RHP Alejandro Gomez
Pitching: RHP Alejandro Gomez
Batting: RHB Leo Roldan 0-0: Called Strike
0-1: SINGLE (Groundball, 3D, EV 107.5 MPH)
Batting: RHB Winston Vasquez 0-0: Ball
Leo Roldan is caught stealing 2nd base 2-4
1-0: Swinging Strike
1-1: Ground out 6-3 (Groundball, 6, EV 91.2 MPH)
Batting: LHB Matt Ellington 0-0: Fly out, F8 (Flyball, 8LD, EV 103.1 MPH)
Top of the 1st over - 0 runs, 1 hit, 0 errors, 0 left on base; Louisiana State University 0 - University of Alabama 0
BOTTOM OF THE 1ST
University of Alabama Crimson Tide batting - Pitching for Louisiana State University Tigers : LHP Dan Cunningham
Pitching: LHP Dan Cunningham
Batting: LHB Joe Blackwood 0-0: Called Strike
0-1: Bunt for hit to 2L - play at first, batter OUT! 2-3
Batting: LHB Robby Ramires 0-0: Foul Ball, location: 2F
0-1: Ball
1-1: Ball
2-1: Foul Ball, location: 2F
2-2: Foul Ball, location: 2F
2-2: Foul Ball, location: 2F
2-2: SOLO HOME RUN (Flyball, 9LD, EV 93.1 MPH), Distance : 352 ft
Batting: LHB Danny Schultz 0-0: Called Strike
0-1: Ball
1-1: Called Strike
1-2: Foul Ball, location: 2F
1-2: Ball
2-2: Strikes out swinging passed ball, reaches first!
Batting: RHB Gustavo Delgado 0-0: Ball
Danny Schultz is caught stealing 2nd base 2-4
1-0: Swinging Strike
1-1: Foul Ball, location: 2F
1-2: Ball
2-2: Ball
3-2: Ground out 6-3 (Groundball, 6, EV 80.6 MPH)
Bottom of the 1st over - 1 run, 1 hit, 0 errors, 0 left on base; Louisiana State University 0 - University of Alabama 1
TOP OF THE 2ND
Louisiana State University Tigers batting - Pitching for University of Alabama Crimson Tide : RHP Alejandro Gomez
Batting: RHB Keith Ashton 0-0: Ground out 5-3 (Groundball, 5, EV 102.5 MPH)
Batting: LHB Manny Grado 0-0: Swinging Strike
0-1: Ground out 4-3 (Groundball, 4, EV 80.6 MPH)
Batting: SHB Brian Caruso 0-0: Ball
1-0: Ball
2-0: Ball
3-0: Called Strike
3-1: Base on Balls
Batting: RHB Byung-hee Jee 0-0: Called Strike
0-1: Ball
1-1: Ball
2-1: Swinging Strike
2-2: Ball
3-2: Strikes out looking
Top of the 2nd over - 0 runs, 0 hits, 0 errors, 1 left on base; Louisiana State University 0 - University of Alabama 1
BOTTOM OF THE 2ND
University of Alabama Crimson Tide batting - Pitching for Louisiana State University Tigers : LHP Dan Cunningham
Batting: RHB Hughie Withers 0-0: Called Strike
0-1: Foul Ball, location: 2F
0-2: Ground out 5-3 (Groundball, 56, EV 90.0 MPH)
Batting: LHB Matt Barkley 0-0: Ball
1-0: Ball
2-0: Called Strike
2-1: Ball
3-1: Swinging Strike
3-2: SINGLE (Groundball, 34D, EV 103.1 MPH)
Batting: RHB Fernando Reyes 0-0: Ball
1-0: Fielders Choice at 2nd, 4-6 (Groundball, 4, EV 103.1 MPH)
Batting: RHB Eric Kilmer 0-0: Swinging Strike
0-1: Swinging Strike
0-2: Ball
1-2: Foul Ball, location: 2F
1-2: Foul Ball, location: 2F
1-2: SINGLE (Groundball, P, EV 93.1 MPH) (infield hit)
Fernando Reyes to second
Batting: LHB Platon Protopsaltis 0-0: Called Strike
0-1: Called Strike
0-2: Ball
1-2: Ball
2-2: Ball
3-2: Foul Ball, location: 2F
3-2: Strikes out swinging
Bottom of the 2nd over - 0 runs, 2 hits, 0 errors, 2 left on base; Louisiana State University 0 - University of Alabama 1
TOP OF THE 3RD
Louisiana State University Tigers batting - Pitching for University of Alabama Crimson Tide : RHP Alejandro Gomez
Batting: LHB Jon Valdez 0-0: Ball
1-0: Ball
2-0: Called Strike
2-1: Swinging Strike
2-2: Strikes out looking
Batting: LHB John Carter 0-0: Ball
1-0: Ground out 6-3 (Groundball, 6, EV 85.0 MPH)
Batting: RHB Leo Roldan 0-0: Ball
1-0: Called Strike
1-1: Ball
2-1: Called Strike
2-2: Strikes out swinging
Top of the 3rd over - 0 runs, 0 hits, 0 errors, 0 left on base; Louisiana State University 0 - University of Alabama 1
BOTTOM OF THE 3RD
University of Alabama Crimson Tide batting - Pitching for Louisiana State University Tigers : LHP Dan Cunningham
Batting: LHB Joe Blackwood 0-0: Called Strike
0-1: SINGLE (Groundball, 6, EV 96.2 MPH)
Batting: LHB Robby Ramires 0-0: Called Strike
0-1: Ball
Wild Pitch!
Joe Blackwood to second
1-1: Called Strike
1-2: Ball
2-2: Ball
3-2: Strikes out swinging
Batting: LHB Danny Schultz 0-0: Ball
Joe Blackwood is caught stealing 3rd base 2-5
1-0: Ground out 4-3 (Groundball, 4, EV 109.4 MPH)
Bottom of the 3rd over - 0 runs, 1 hit, 0 errors, 0 left on base; Louisiana State University 0 - University of Alabama 1
TOP OF THE 4TH
Louisiana State University Tigers batting - Pitching for University of Alabama Crimson Tide : RHP Alejandro Gomez
Batting: RHB Winston Vasquez 0-0: SINGLE (Groundball, 56D, EV 94.4 MPH)
Batting: LHB Matt Ellington 0-0: Fly out, F9 (Flyball, 9, EV 79.4 MPH)
Batting: RHB Keith Ashton 0-0: Ball
Winston Vasquez steals 2nd base
1-0: Fly out, F8 (Flyball, 8LD, EV 83.8 MPH)
Batting: LHB Manny Grado 0-0: Ball
1-0: DOUBLE (Line Drive, 5D, EV 107.5 MPH)
Winston Vasquez scores
Batting: SHB Brian Caruso 0-0: Ball
1-0: Called Strike
1-1: Ball
2-1: Foul Ball, location: 2F
2-2: Ball
3-2: Ground out 4-3 (Groundball, 4, EV 85.0 MPH)
Top of the 4th over - 1 run, 2 hits, 0 errors, 1 left on base; Louisiana State University 1 - University of Alabama 1
BOTTOM OF THE 4TH
University of Alabama Crimson Tide batting - Pitching for Louisiana State University Tigers : LHP Dan Cunningham
Batting: RHB Gustavo Delgado 0-0: DOUBLE (Flyball, 78D, EV 103.8 MPH)
Batting: RHB Hughie Withers 0-0: Called Strike
0-1: Ball
1-1: Called Strike
1-2: Strikes out swinging
Batting: LHB Matt Barkley 0-0: Ball
1-0: Ground out 5-3 (Groundball, 56, EV 83.1 MPH)
Batting: RHB Fernando Reyes 0-0: Called Strike
0-1: Ball
1-1: Ball
2-1: Ball
3-1: Foul Ball, location: 2F
3-2: Strikes out swinging
Bottom of the 4th over - 0 runs, 1 hit, 0 errors, 1 left on base; Louisiana State University 1 - University of Alabama 1
TOP OF THE 5TH
Louisiana State University Tigers batting - Pitching for University of Alabama Crimson Tide : RHP Alejandro Gomez
Batting: RHB Byung-hee Jee 0-0: Foul Ball, location: 2F
0-1: Ball
1-1: Ground out 5-3 (Groundball, 56, EV 81.9 MPH)
Batting: LHB Jon Valdez 0-0: Called Strike
0-1: Swinging Strike
0-2: Strikes out looking
Batting: LHB John Carter 0-0: Ball
1-0: Foul Ball, location: 2F
1-1: Ball
2-1: Ball
3-1: Ground out 3-1 (Groundball, 34S, EV 83.8 MPH)
Top of the 5th over - 0 runs, 0 hits, 0 errors, 0 left on base; Louisiana State University 1 - University of Alabama 1
BOTTOM OF THE 5TH
University of Alabama Crimson Tide batting - Pitching for Louisiana State University Tigers : LHP Dan Cunningham
Batting: RHB Eric Kilmer 0-0: Called Strike
0-1: Ball
1-1: Foul Ball, location: 2F
1-2: Strikes out swinging
Batting: LHB Platon Protopsaltis 0-0: Ball
1-0: Foul Ball, location: 2F
1-1: Swinging Strike
1-2: Strikes out swinging
Batting: LHB Joe Blackwood 0-0: Ball
1-0: Called Strike
1-1: Ground out 6-3 (Groundball, 56D, EV 96.2 MPH)
Bottom of the 5th over - 0 runs, 0 hits, 0 errors, 0 left on base; Louisiana State University 1 - University of Alabama 1
TOP OF THE 6TH
Louisiana State University Tigers batting - Pitching for University of Alabama Crimson Tide : RHP Alejandro Gomez
Batting: RHB Leo Roldan 0-0: Ball
1-0: Foul Ball, location: 2F
1-1: Ball
2-1: Foul Ball, location: 2F
2-2: Ball
3-2: Foul Ball, location: 2F
3-2: Base on Balls
Batting: RHB Winston Vasquez 0-0: Ball
1-0: Reached on error, E6 (Groundball, 6, EV 85.6 MPH)
Leo Roldan to second
Batting: LHB Matt Ellington 0-0: Foul Ball, location: 2F
0-1: Foul Ball, location: 2F
0-2: Ball
1-2: Strikes out swinging
Batting: RHB Keith Ashton 0-0: Ball
Leo Roldan is caught stealing 3rd base 2-5
1-0: TRIPLE (Flyball, 78XD, EV 93.1 MPH)
Winston Vasquez scores
Batting: LHB Manny Grado 0-0: Called Strike
0-1: Foul Ball, location: 2F
0-2: Ball
1-2: Ball
2-2: Foul Ball, location: 2F
2-2: Ball
3-2: Foul Ball, location: 2F
3-2: Strikes out swinging
Top of the 6th over - 1 run, 1 hit, 1 error, 1 left on base; Louisiana State University 2 - University of Alabama 1
BOTTOM OF THE 6TH
University of Alabama Crimson Tide batting - Pitching for Louisiana State University Tigers : LHP Dan Cunningham
Pitching: RHP Jessie Amann
Batting: LHB Robby Ramires 0-0: Ball
1-0: Called Strike
1-1: Ball
2-1: Foul Ball, location: 2F
2-2: Foul Ball, location: 2F
2-2: SINGLE (Groundball, 13S, EV 69.4 MPH) (infield hit)
Batting: LHB Danny Schultz 0-0: Called Strike
0-1: Foul Ball, location: 2F
0-2: SINGLE (Line Drive, 78S, EV 96.2 MPH)
Robby Ramires to second
Pinch Hitting: RHB Onorato Zacagnini 0-0: Called Strike
0-1: Ball
1-1: Ball
2-1: Fielders Choice at 2nd, 6-4 (Groundball, 6, EV 82.5 MPH)
Robby Ramires to third
Pitching: LHP Gianpaolo Capirossi
Batting: RHB Hughie Withers 0-0: Ball
1-0: Ball
2-0: Fly out, F9 (Line Drive, 9S, EV 105.6 MPH)
Runner from 3rd tags up, SCORES, throw by RF
Batting: LHB Matt Barkley 0-0: Ball
1-0: Foul Ball, location: 2F
1-1: Foul Ball, location: 2F
1-2: Ball
2-2: Fly out, F7 (Flyball, 7S, EV 85.0 MPH)
Bottom of the 6th over - 1 run, 2 hits, 0 errors, 1 left on base; Louisiana State University 2 - University of Alabama 2
TOP OF THE 7TH
Louisiana State University Tigers batting - Pitching for University of Alabama Crimson Tide : RHP Alejandro Gomez
Pitching: RHP Devon Williams
Now at 1B: Onorato Zacagnini
Batting: SHB Brian Caruso 0-0: Ball
1-0: Foul Ball, location: 2F
1-1: Called Strike
1-2: Ball
2-2: Ball
3-2: Ground out 4-3 (Groundball, 4, EV 85.6 MPH)
Batting: RHB Byung-hee Jee 0-0: Ball
1-0: Ground out 4-3 (Groundball, 4, EV 90.0 MPH)
Batting: LHB Jon Valdez 0-0: Called Strike
0-1: Called Strike
0-2: Ball
1-2: Ball
2-2: Strikes out swinging
Top of the 7th over - 0 runs, 0 hits, 0 errors, 0 left on base; Louisiana State University 2 - University of Alabama 2
BOTTOM OF THE 7TH
University of Alabama Crimson Tide batting - Pitching for Louisiana State University Tigers : LHP Gianpaolo Capirossi
Batting: RHB Fernando Reyes 0-0: Ball
1-0: Called Strike
1-1: Ball
2-1: Swinging Strike
2-2: Ball
3-2: Foul Ball, location: 2F
3-2: Fly out, F8 (Flyball, 8RD, EV 94.4 MPH)
Batting: RHB Eric Kilmer 0-0: SOLO HOME RUN (Flyball, 8RXD, EV 109.4 MPH) (Inside the Park)
Batting: LHB Platon Protopsaltis 0-0: Ball
1-0: Called Strike
1-1: Ball
2-1: Foul Ball, location: 2F
2-2: Ball
3-2: SOLO HOME RUN (Flyball, 78XD, EV 108.1 MPH), Distance : 431 ft
Batting: LHB Joe Blackwood 0-0: Ball
1-0: Swinging Strike
1-1: SINGLE (Groundball, 3S, EV 69.4 MPH) (infield hit)
Batting: LHB Robby Ramires 0-0: Ball
1-0: DOUBLE (Line Drive, 5D, EV 96.9 MPH)
Joe Blackwood to third
Pitching: LHP Clyde Fisher
Batting: LHB Danny Schultz 0-0: Ball
1-0: Swinging Strike
1-1: Foul Ball, location: 2F
1-2: Ball
2-2: Foul Ball, location: 2F
2-2: Ball
3-2: Base on Balls
Batting: RHB Onorato Zacagnini 0-0: Ball
1-0: Ball
2-0: Ball
3-0: Base on Balls
Joe Blackwood scores
Robby Ramires to third
Danny Schultz to second
Batting: RHB Hughie Withers 0-0: Ball
Wild Pitch!
Robby Ramires scores
Danny Schultz to third
Onorato Zacagnini to second
1-0: Called Strike
1-1: Swinging Strike
1-2: Ball
2-2: Ground out 6-3 (Groundball, 6, EV 105.0 MPH)
Danny Schultz scores
Batting: LHB Matt Barkley 0-0: SINGLE (Groundball, 34, EV 101.9 MPH)
Onorato Zacagnini to third
Throwing error, E9
Onorato Zacagnini scores
Matt Barkley to second
Batting: RHB Fernando Reyes 0-0: Ball
1-0: Ball
2-0: Foul Ball, location: 2F
2-1: Ball
3-1: Called Strike
3-2: Foul Ball, location: 2F
3-2: Foul Ball, location: 2F
3-2: Strikes out swinging
Bottom of the 7th over - 6 runs, 5 hits, 1 error, 1 left on base; Louisiana State University 2 - University of Alabama 8
TOP OF THE 8TH
Louisiana State University Tigers batting - Pitching for University of Alabama Crimson Tide : RHP Devon Williams
Batting: LHB John Carter 0-0: Foul Ball, location: 2F
0-1: Ball
1-1: Foul Ball, location: 2F
1-2: Ball
2-2: Ball
3-2: Ground out 6-3 (Groundball, 6, EV 85.0 MPH)
Batting: RHB Stewart Walker 0-0: Called Strike
0-1: Ball
1-1: Ball
2-1: Foul Ball, location: 2F
2-2: Foul Ball, location: 2F
2-2: Ball
3-2: Foul Ball, location: 2F
3-2: Base on Balls
Pitching: RHP Matilde Tudela
Batting: RHB Winston Vasquez 0-0: Ball
1-0: Called Strike
1-1: Swinging Strike
1-2: Fielders Choice at 2nd, 5-4 (Groundball, 5, EV 106.2 MPH)
Batting: LHB Matt Ellington 0-0: Called Strike
0-1: Swinging Strike
0-2: Ball
1-2: Foul Ball, location: 2F
1-2: Foul Ball, location: 2F
1-2: Foul Ball, location: 2F
1-2: Strikes out swinging
Top of the 8th over - 0 runs, 0 hits, 0 errors, 1 left on base; Louisiana State University 2 - University of Alabama 8
BOTTOM OF THE 8TH
University of Alabama Crimson Tide batting - Pitching for Louisiana State University Tigers : LHP Clyde Fisher
Batting: RHB Eric Kilmer 0-0: Foul Ball, location: 2F
0-1: Ball
1-1: Ground out U3 (Groundball, 3S, EV 85.6 MPH)
Batting: LHB Platon Protopsaltis 0-0: Ball
1-0: Foul Ball, location: 2F
1-1: Ball
2-1: Ball
3-1: Foul Ball, location: 2F
3-2: Foul Ball, location: 2F
3-2: Foul Ball, location: 2F
3-2: SINGLE (Line Drive, 8LS, EV 90.0 MPH)
Pitching: LHP Nathan Waters
Batting: LHB Joe Blackwood 0-0: Called Strike
0-1: Ball
1-1: Ball
2-1: Foul Ball, location: 2F
2-2: Ball
3-2: Ground out 6-3 (Groundball, 6, EV 85.0 MPH)
Platon Protopsaltis to second
Batting: LHB Robby Ramires 0-0: SINGLE (Groundball, 6MD, EV 107.5 MPH)
Platon Protopsaltis to third
Runner from 3rd tries for Home, SAFE, throw by CF to home
Batting: LHB Danny Schultz 0-0: Fielders Choice at 2nd, 6-4 (Groundball, 6, EV 78.8 MPH)
Bottom of the 8th over - 1 run, 2 hits, 0 errors, 1 left on base; Louisiana State University 2 - University of Alabama 9
TOP OF THE 9TH
Louisiana State University Tigers batting - Pitching for University of Alabama Crimson Tide : RHP Matilde Tudela
Pinch Hitting: SHB Paul Blaylock 0-0: Swinging Strike
0-1: Ball
1-1: Swinging Strike
1-2: Ball
2-2: Foul Ball, location: 2F
2-2: Ball
3-2: Ground out 6-3 (Groundball, 6, EV 86.2 MPH)
Batting: LHB Manny Grado 0-0: Called Strike
0-1: Ball
1-1: Swinging Strike
1-2: Strikes out looking
Batting: SHB Brian Caruso 0-0: Called Strike
0-1: Ball
1-1: Ball
2-1: Foul Ball, location: 2F
2-2: Strikes out looking
Top of the 9th over - 0 runs, 0 hits, 0 errors, 0 left on base; Louisiana State University 2 - University of Alabama 9
Tuesday, March 28th , 2023 - OOTP Baseball 23.10 Build 110